 Dungeon Crawl Stone Soup version 0.27-a0-1099-g7f87ac42b0 (console) character file.

Game seed: 13902410924217542571

2 Morrissey the Sneak (level 1, 0/11 HPs)
             Began as a Spriggan Delver on Apr 28, 2021.
             Slain by an iguana (6 damage)
             ... on level 5 of the Dungeon.
             The game lasted 00:01:04 (166 turns).

Morrissey the Sneak (Spriggan Delver)                Turns: 166, Time: 00:01:05

Health: 0/11       AC:  2    Str:  8    XL:     1   Next: 33%
Magic:  2/2        EV: 17    Int: 11    God:
Gold:   14         SH:  0    Dex: 16    Spells: 0/0 levels left

rFire    . . .     SeeInvis +   a - +0 short sword
rCold    . . .     Faith    .   (shield restricted)
rNeg     . . .     Spirit   .   b - +0 robe
rPois    .         Reflect  .   (helmet restricted)
rElec    .         Harm     .   (no cloak)
rCorr    .         Rampage  .   (gloves unavailable)
Will     .....                  (boots unavailable)
Stlth    ++++......             (no amulet)
HPRegen  0.03/turn              (no ring)
MPRegen  0.08/turn              (no ring)

@: very quick
A: very small, no large weapons, unfitting armour, see invisible, speed 3
a: no special abilities


You were on level 5 of the Dungeon.
You visited 1 branch of the dungeon, and saw 1 of its levels.

You collected 14 gold pieces.

Inventory:

Hand Weapons
 a - a +0 short sword (weapon)
Armour
 b - a +0 robe (worn)
Wands
 g - a wand of digging (3)
Scrolls
 c - a scroll of fog
 d - a scroll of magic mapping
 e - a scroll of fear
Potions
 f - a potion of haste
 h - a potion of might {unknown}


   Skills:
 - Level 2.4 Fighting
 * Level 2.3 Short Blades
 + Level 2.7 Dodging
 * Level 7.3 Stealth


You couldn't memorise any spells.
You didn't know any spells.
Your spell library was empty.

Dungeon Overview and Level Annotations

Branches:
Dungeon (5/15)
 Temple: D:4-7

Altars:


Innate Abilities, Weirdness & Mutations

You are very small and have problems with some larger weapons.
You are too small for most types of armour.
You have supernaturally acute eyesight. (SInv)
You cover ground extremely quickly. (Speed+++)


Message History

Welcome, Morrissey the Spriggan Delver.
Will you prevail where others failed? Will you find the Orb of Zot?
Press ? for a list of commands and other information.
Found a hand axe.
Found a stone staircase leading down.
A gnoll comes into view. It is wielding a +0 halberd.
There is a stone staircase leading down here.
Found a coppery potion.
A dart slug comes into view.
You see here a coppery potion.
You hit the dart slug but do no damage. The dart slug bites you.
You hit the dart slug.
The dart slug is heavily wounded.
The dart slug bites you but does no damage.
You hit the dart slug.
The dart slug is severely wounded.
You completely miss the dart slug.
The dart slug is severely wounded.
The dart slug completely misses you.
You hit the dart slug.
You kill the dart slug!
h - a coppery potion
Found 14 gold pieces.
You now have 14 gold pieces.
A gnoll comes into view. It is wielding a +0 spear.
The gnoll shouts!
You hear a shout!
You open the door.
There is an open door here.
You close the door.
Found a leather armour and 29 stones.
An iguana comes into view.
A scorpion and a zombie come into view.
The iguana hisses angrily.
An iguana is nearby!
You barely miss the iguana. The iguana bites you.
You hit the iguana but do no damage. The iguana misses you.
You hit the iguana but do no damage. The iguana closely misses you.
You hit the iguana but do no damage. The iguana bites you.
You hit the iguana but do no damage. The iguana bites you.
Ouch! That really hurt!
You die...

###################
..................######
........................
.....................(.[
......l@................
####+####...............
##.#######...... #.#
#....... #.# #.l.....
#.######.......
#.##s..........
######.##.......####
#.......+.......# #


You could see an iguana.

Vanquished Creatures
  A dart slug (D:5)
1 creature vanquished.

Notes
Turn   | Place    | Note
-------+----------+-------------------------------------------
     0 | D:5      | Morrissey the Spriggan Delver began the quest for the Orb.
     0 | D:5      | Reached XP level 1. HP: 11/11 MP: 2/2
    95 | D:5      | Noticed an iguana
    96 | D:5      | Noticed a scorpion
    96 | D:5      | Noticed a wyvern zombie
   166 | D:5      | Slain by an iguana

Illustrated notes

Levels and vault maps discovered:
D:5:      layout_basic, uniq_edmund

Action                   || total
-------------------------++-------
Melee: Short sword       ||    10
Armor: Robe              ||     1
Dodge: Dodged            ||     3

Table legend: (Time is in decaauts)
 A = Elapsed time spent in this place.
 B = Non-inter-level travel time spent in this place.
 C = Inter-level travel time spent in this place.
 D = Time resting spent in this place.
 E = Time spent auto-exploring this place.
 F = Levels seen in this place.
 G = Mean time per level.
                   A        B        C        D        E       F      G
               +--------+--------+--------+--------+--------+-----+--------+
         Total |    110 |    110 |      0 |      0 |      0 |   1 |  110.0 |
       Dungeon |    110 |    110 |      0 |      0 |      0 |   1 |  110.0 |
               +--------+--------+--------+--------+--------+-----+--------+

Top non-repeatable levels by time:
     D:5: 110 daAuts
